AoeStats
← [JgR] ReyMp13

Arena

508944173Analyzed
3v3 RM · 9d ago on Sep 24, 2026· 66m 19s· 6 players
Game mode
Random Map
Map size
Normal (6 player)
Population
200
Speed
Normal
Resources
Standard
Victory
Conquest
Starting age
Dark Age
Ending age
Imperial Age
RankedLock teamsTeams togetherTeam positionsShared explorationLock speedFull tech treeHidden civsTurbo modeCheats
Victory
Defeat
🇩🇪 Hindustanis · Germany
987
+16
🇮🇳 Italians · India
961
+17
🇹🇷 Britons · Türkiye
886
+20
🇪🇸 Persians · Spain
1021
-19
🇰🇷 Celts · South Korea
985
-18
🇧🇷 Franks · Brazil
949
-16
JK
5:29 Loom
10:30 Feudal Age
15:43 Castle Age
13:54 Double-Bit Axe
14:20 Horse Collar
14:42 Fletching
15:13 Stone Mining
15:52 Gold Mining
16:25 Forging
22:13 Wheelbarrow
22:37 Town Watch
24:28 Bow Saw
25:02 Heavy Plow
33:12 Imperial Age
32:06 Hand Cart
32:17 Fortified Wall
32:19 Padded Archer Armor
33:19 Town Patrol
33:29 Scale Barding Armor
33:40 Leather Archer Armor
33:22 Bodkin Arrow
34:43 Stone Shaft Mining
35:16 Chemistry
34:37 Ballistics
34:05 Heavy Camel Rider
35:57 Gold Shaft Mining
35:41 Husbandry
35:55 Bloodlines
36:17 Conscription
37:17 Ring Archer Armor
36:47 Bracer
36:30 Pikeman
37:10 Squires
36:46 Elite Skirmisher
37:32 Thumb Ring
39:47 Chain Barding Armor
40:03 Iron Casting
41:34 Imperial Camel Rider
41:39 Light Cavalry
45:33 Blast Furnace
44:23 Arson
45:58 Hussar
47:46 Murder Holes
49:13 Shatagni
65:59 Scale Mail Armor
BOZO
0:29 Loom
9:51 Feudal Age
10:27 Double-Bit Axe
19:10 Castle Age
18:08 Horse Collar
19:18 Padded Archer Armor
21:04 Wheelbarrow
20:16 Town Watch
22:14 Gold Mining
22:16 Stone Mining
22:45 Crossbowman
23:19 Fletching
24:16 Scale Barding Armor
25:11 Forging
25:36 Husbandry
27:38 Pikeman
30:50 Iron Casting
30:16 Scale Mail Armor
31:28 Bodkin Arrow
31:48 Leather Archer Armor
31:57 Squires
34:26 Chain Mail Armor
34:32 Chain Barding Armor
37:38 Imperial Age
35:33 Bow Saw
37:28 Ballistics
38:01 Heavy Plow
38:10 Town Patrol
38:58 Conscription
38:13 Halberdier
39:53 Treadmill Crane
40:54 Bracer
41:25 Ring Archer Armor
42:22 Hand Cart
42:40 Capped Ram
44:50 Chemistry
44:52 Blast Furnace
44:22 Plate Mail Armor
44:57 Yeomen
44:05 Arbalester
46:12 Two-Man Saw
47:20 Hoardings
46:15 Elite Skirmisher
47:12 Masonry
50:18 Siege Engineers
50:44 Architecture
50:34 Elite Longbowman
52:24 Warwolf
56:18 Caravan
58:11 Sappers
61:27 Plate Barding Armor
61:38 Onager
iamlegolas312
0:43 Loom
11:31 Feudal Age
12:19 Double-Bit Axe
12:49 Horse Collar
14:35 Gold Mining
14:39 Stone Mining
21:42 Castle Age
22:24 Heavy Plow
22:35 Bow Saw
23:13 Stone Shaft Mining
23:45 Wheelbarrow
23:24 Caravan
25:27 Silk Road
26:03 Hand Cart
32:01 Imperial Age
29:38 Fletching
29:50 Padded Archer Armor
30:28 Bodkin Arrow
33:48 Chemistry
32:29 Treadmill Crane
33:06 Bracer
33:15 Town Watch
33:58 Leather Archer Armor
33:51 Thumb Ring
33:45 Murder Holes
35:09 Conscription
35:50 Ring Archer Armor
36:37 Elite Genoese Crossbowman
38:25 Forging
38:21 Scale Barding Armor
38:19 Scale Mail Armor
42:29 Iron Casting
42:10 Chain Mail Armor
45:23 Two-Man Saw
44:56 Crop Rotation
44:51 Squires
46:04 Blast Furnace
45:34 Plate Mail Armor
49:57 Arson
rovaal5
4:05 Loom
10:12 Feudal Age
15:08 Castle Age
13:37 Double-Bit Axe
13:54 Gold Mining
15:24 Bloodlines
18:23 Horse Collar
21:01 Wheelbarrow
22:13 Hand Cart
22:55 Husbandry
23:03 Heavy Plow
29:00 Imperial Age
26:26 Stone Mining
27:05 Forging
28:03 Stone Shaft Mining
28:09 Gold Shaft Mining
28:54 Iron Casting
28:25 Scale Barding Armor
29:03 Ballistics
29:09 Bow Saw
28:46 Cavalier
30:37 Blast Furnace
29:42 Crossbowman
30:27 Thumb Ring
30:51 Chain Barding Armor
33:11 Conscription
32:21 Savar
34:28 Hoardings
35:04 Kamandaran
35:58 Elite Skirmisher
36:33 Elite War Elephant
38:28 Fletching
38:40 Padded Archer Armor
39:16 Plate Barding Armor
39:53 Chemistry
38:49 Murder Holes
41:44 Bodkin Arrow
43:01 Leather Archer Armor
44:26 Ring Archer Armor
48:17 Citadels
51:30 Caravan
55:13 Two-Man Saw
61:13 Squires
60:59 Gambesons
[JgR] ReyMp13
4:52 Loom
11:07 Feudal Age
18:40 Castle Age
16:43 Stone Mining
16:43 Double-Bit Axe
16:51 Gold Mining
17:02 Fletching
17:25 Forging
17:22 Padded Archer Armor
19:26 Man-at-Arms
20:56 Wheelbarrow
21:37 Gold Shaft Mining
21:16 Bow Saw
21:34 Leather Archer Armor
21:41 Town Watch
36:50 Imperial Age
37:00 Hand Cart
37:28 Forging
37:13 Bodkin Arrow
37:24 Scale Barding Armor
39:06 Iron Casting
38:30 Cavalier
41:37 Chain Barding Armor
42:18 Blast Furnace
41:04 Onager
43:18 Paladin
50:07 Plate Barding Armor
51:20 Husbandry
58:16 Light Cavalry
wook12220
0:26 Loom
10:40 Feudal Age
12:07 Wheelbarrow
11:27 Horse Collar
12:39 Double-Bit Axe
17:31 Castle Age
18:31 Hand Cart
18:31 Bow Saw
18:31 Heavy Plow
29:39 Stone Mining
32:26 Gold Mining
33:13 Stone Shaft Mining
33:20 Caravan
34:45 Gold Shaft Mining
34:01 Pikeman
34:53 Masonry
34:54 Fortified Wall
38:08 Imperial Age
36:27 Forging
36:17 Scale Mail Armor
36:07 Fletching
36:17 Padded Archer Armor
36:40 Ballistics
36:16 Arson
38:02 Murder Holes
39:14 Conscription
38:19 Capped Ram
39:19 Furor Celtica
39:24 Siege Engineers
39:38 Heavy Scorpion
41:11 Stronghold
41:58 Hoardings
42:07 Halberdier
43:02 Town Watch
43:09 Fletching
43:19 Padded Archer Armor
42:45 Siege Ram
46:05 Leather Archer Armor
46:30 Guilds
52:06 Iron Casting
51:46 Chain Mail Armor
51:27 Bodkin Arrow
52:02 Ring Archer Armor
57:04 Elite Woad Raider
62:06 Coinage
Connection lost

Rejoining the realm…

Still unreachable

The connection could not be restored.

Session expired

The server has moved on; the page needs a fresh start.